 Dungeon Crawl Stone Soup version 0.16.2-12-gd0ad4c3 (webtiles) character file.

547384 faibistes the Sorcerer (level 25, -19/150 HPs)
             Began as a Deep Elf Wizard on Feb 13, 2018.
             Was the Champion of Sif Muna.
             Killed from afar by a deep elf high priest (36 damage)
             ... with a burst of hellfire
             ... on level 5 of the Vaults on Feb 15, 2018.
             The game lasted 07:15:23 (121208 turns).

faibistes the Sorcerer (Deep Elf Wizard)          Turns: 121208, Time: 07:15:23

Health: -19/150    AC: 13    Str:  4    XL:     25   Next: 44%
Magic:  31/68      EV: 15    Int: 36    God:    Sif Muna [******]
Gold:   4000       SH:  0    Dex:  9    Spells: 12 memorised, 0 levels left

rFire  + + +     SeeInvis .     w - staff of power
rCold  . . .     Clarity  .     K - +2 robe {rC+}
rNeg   . . .     SustAb   .     (no shield)
rPois  .         Gourm    .     o - +0 hat "Pluyte" {rElec rF+ Regen+ MP+9 Dex-4}
rElec  +         Spirit   .     s - +2 cloak {MR+}
rCorr  .         Warding  .     D - +2 pair of gloves
rMut   +         Stasis   .     F - +2 pair of boots {run}
MR     +++..                    b - amulet of resist mutation
Stlth  ++........               p - ring of protection from cold
                                I - ring of wizardry

@: immune to fire clouds, very slightly contaminated, slowed, studying
Conjurations, deflect missiles, very slow, extremely resistant to hostile
enchantments, unstealthy
A: no striking features
a: Channel Energy, Forget Spell, Renounce Religion
}: 2/15 runes: decaying, serpentine


You were on level 5 of the Vaults.
You worshipped Sif Muna.
Sif Muna was exalted by your worship.
You were not hungry.

You visited 9 branches of the dungeon, and saw 51 of its levels.
You also visited: Wizlab.

You collected 7272 gold pieces.
You spent 3272 gold pieces at shops.

Inventory:

Hand weapons
 Z - the +5 war axe of Calculation {elec, rElec rC+ MR+ Dex+4}
   (You took it off a deep elf fighter on level 3 of the Elven Halls)

   Occasionally, upon striking a foe, it will discharge some electrical energy
   and cause terrible harm.
   It affects your dexterity (+4).
   It protects you from cold.
   It insulates you from electricity.
   It affects your resistance to hostile enchantments.
Armour
 o - the +0 hat "Pluyte" (worn) {rElec rF+ Regen+ MP+9 Dex-4}
   (You found it on level 3 of the Lair of Beasts)

   It affects your dexterity (-4).
   It protects you from fire.
   It insulates you from electricity.
   It affects your magic capacity (+9).
   It increases your rate of regeneration.
 s - a +2 cloak of magic resistance (worn)
 D - a +2 pair of gloves (worn)
 F - a +2 pair of boots of running (worn)
 K - a +2 robe of cold resistance (worn)
Magical staves
 w - an uncursed staff of power (weapon)
Jewellery
 b - an amulet of resist mutation (around neck)
 p - a ring of protection from cold (right hand)
 I - a ring of wizardry (left hand)
 Q - an uncursed ring of positive energy
 S - the ring of Shriap {rElec SInv}
   (You took it off a deep elf fighter on level 3 of the Elven Halls)

   [ring of see invisible]

   It insulates you from electricity.
   It enhances your eyesight.
 X - an uncursed amulet of clarity
Magical devices
 e - a wand of cold (9)
 f - a wand of fireball (4)
 g - a wand of cold (8)
 q - a wand of fire (8)
 G - a wand of enslavement (13)
 M - a wand of lightning (6)
 T - a wand of teleportation (5)
 U - a wand of heal wounds (5)
Scrolls
 h - 24 scrolls of remove curse
 i - 2 scrolls of holy word
 k - 10 scrolls of magic mapping
 v - 12 scrolls of fog
 y - 14 scrolls of recharging
 B - 14 scrolls of teleportation
 E - 21 scrolls of identify
 O - 2 scrolls of summoning
 V - 6 scrolls of immolation
 W - 7 scrolls of blinking
 Y - 4 scrolls of fear
Potions
 a - 3 potions of resistance
 c - 6 potions of brilliance
 l - 3 potions of cancellation
 m - 2 potions of heal wounds
 n - 3 potions of cure mutation
 r - 6 potions of flight
 t - 10 potions of haste
 x - 2 potions of magic
 z - 6 potions of restore abilities
 A - 21 potions of curing
 C - 4 potions of invisibility
 P - 3 potions of ambrosia
Books
 j - a manual of Conjurations
Miscellaneous
 u - a phial of floods
 H - a lamp of fire
Comestibles
 d - 17 bread rations
 N - 17 meat rations


   Skills:
 + Level 13.0 Fighting
 - Level 10.0 Dodging
 - Level 2.4 Stealth
 * Level 25.9 Spellcasting
 * Level 20.4 Conjurations
 - Level 11.0 Charms
   Level 4.0 Summonings
 * Level 3.7 Necromancy
 - Level 12.0 Translocations
   Level 3.5 Transmutations
 * Level 20.1 Fire Magic
 - Level 5.5 Air Magic
 * Level 19.9 Earth Magic
   Level 2.8 Poison Magic
 - Level 10.3 Invocations
 - Level 9.1 Evocations


You couldn't memorise any spells.
You knew the following spells:

 Your Spells              Type           Power        Failure   Level  Hunger
a - Airstrike             Air            ######....   1%          4    None
b - Ring of Flames        Chrm/Fire      ########..   1%          7    None
c - Lehudib's Crystal Sp  Conj/Erth      ########..   1%          8    None
d - Controlled Blink      Tloc           N/A          1%          7    None
e - Fire Storm            Conj/Fire      ########..   4%          9    ###....
f - Deflect Missiles      Chrm/Air       #######...   1%          6    None
g - Animate Dead          Necr           N/A          1%          4    None
h - Haste                 Chrm           #######.     1%          6    None
l - Lee's Rapid Deconstr  Erth           ########..   0%          5    None
m - Shatter               Erth           ########..   6%          9    ###....
v - Bolt of Fire          Conj/Fire      ########..   1%          6    None
x - Force Lance           Conj/Tloc      ########     0%          4    None


Dungeon Overview and Level Annotations

Branches:
Dungeon (15/15)            Temple (1/1) D:7            Lair (8/8) D:10
  Swamp (5/5) Lair:5        Snake (5/5) Lair:6        Slime (0/6) Lair:6
    Orc (4/4) D:12            Elf (3/3) Orc:3        Vaults (5/5) D:14
  Crypt (0/3) Vaults:2     Depths (5/5) D:15            Zot (0/5) Depths:5

Altars:
Ashenzari
Cheibriados
Dithmenos
Elyvilon
Fedhas
Gozag
Kikubaaqudgha
Makhleb
Nemelex Xobeh
Okawaru
Qazlal
Ru
Sif Muna
Trog
Vehumet
Xom
Yredelemnul
Zin
The Shining One
Beogh
Jiyva

Shops:
D:4 }   D:10 *   D:12 (   D:15 *   Orc:4 :(*[   Snake:5 =   Vaults:1 ?
Vaults:2 [:!?   Vaults:3 *   Depths:2 }

Portals:
Hell: Depths:1 Depths:2 Depths:3 Depths:4 Depths:5
Abyss: Depths:2 Depths:4
Pandemonium: Depths:3 Depths:5
Ziggurat: Depths:5
Trove: Vaults:2 (show abyssal rune of Zot)


Message History

The vampiric trident hits you from afar.
* * * LOW HITPOINT WARNING * * *
The ghostly sphinx is engulfed in roaring flames.
The deep elf death mage is engulfed in roaring flames.
The deep elf death mage barely misses your fire vortex.
The storm dragon is engulfed in roaring flames.
The storm dragon bites your fire vortex!!
The storm dragon claws your fire vortex!
Your fire vortex dissipates!
The tengu reaver is engulfed in roaring flames.
The titan is engulfed in roaring flames.
The titan waves its arms in wide circles.
The air twists around and strikes you!
* * * LOW HITPOINT WARNING * * *
You hear a distant "Zot"!
The tengu reaver is engulfed in roaring flames.
The ghostly sphinx is engulfed in roaring flames.
The deep elf high priest invokes the aid of its god against you.
The hellfire explodes!
The burst of hellfire engulfs you!
You die...

......[§D§§e<.[[..
.......§vD§§§.[...
.......§§§§§§§...
#....#§C§D§§§..#
......§§H§§§§...
##. ..e§§CQe#... #
..#(.§§v..e..
.#)#.§§§..#
....#@§..# .#§§..#
#....# #....#
#....# #....#
#....# #....# #..


You could see a shadow dragon, a titan, a storm dragon, a fire giant, a fire
dragon, a ghostly sphinx, a tengu reaver, a deep elf death mage, a deep elf high
priest, a deep elf conjurer, a vampiric trident and 2 friendly fire vortices.

Vanquished Creatures
  Sojobo (Vaults:4)
  A shard shrike (Depths:3)
  Margery (Depths:4)
  Saint Roka (Vaults:4)
  A golden dragon (Depths:3)
  Frederick (Depths:5)
  Nikola (Swamp:3)
  2 tentacled monstrosities
  Vashnia (Snake:3)
  2 liches
  5 titans
  Asterion (Snake:3)
  3 deep elf blademasters
  2 deep elf master archers (Elf:3)
  A quicksilver dragon (Depths:3)
  2 sphinxes
  8 storm dragons
  2 shadow dragons
  3 tengu reavers (Vaults:4)
  Roxanne (Snake:3)
  7 thorn hunters
  4 draconian monks (WizLab)
  11 frost giants
  11 fire giants
  6 greater nagas (Snake:5)
  Aizul (Depths:1)
  Louise (Snake:1)
  2 emperor scorpions
  A draconian knight (Depths:5)
  7 deep elf sorcerers
  The ghost of faibistes the Eclecticist, a mighty DEWz of Sif Muna (Snake:3)
  A reaper (Depths:3)
  14 vault wardens
  A draconian shifter (Depths:5)
  A spriggan defender (Depths:2)
  A war gargoyle (Depths:3)
  24 stone giants
  8 very ugly things
  The ghost of faibistes the Eclecticist, a powerful DEWz of Sif Muna (Elf:2)
  5 deep elf demonologists
  A grey draconian (Depths:5)
  6 ironheart preservers
  14 deep elf annihilators
  A salamander firebrand (Depths:3)
  The ghost of pedritolo the Unseen, a mighty SpEn of Dithmenos (Vaults:5)
  2 pale draconians (Depths:5)
  3 vampire knights
  A purple draconian (Depths:5)
  A lorocyproca (Depths:5)
  2 red draconians (Depths:4)
  4 dire elephants
  9 ettins
  34 vault guards
  9 crystal guardians (Elf:3)
  Snorg (Snake:3)
  5 jiangshi
  4 deep elf death magi
  4 fire dragons
  4 minotaurs
  16 yaktaur captains
  10 deep elf high priests
  Fannar (D:13)
  7 great orbs of eyes
  2 catoblepae
  A ghost crab (Swamp:4)
  36 hydras
  21 naga warriors
  A ghost crab (shapeshifter) (Depths:1)
  Nessos (D:11)
  8 alligators
  11 ice dragons
  7 monstrous demonspawn (WizLab)
  15 ogre magi
  6 rakshasas
  14 anacondas
  16 centaur warriors
  18 dancing weapons
  An alligator (shapeshifter) (Vaults:5)
  2 spriggan air magi
  12 deep troll earth magi
  7 tengu warriors
  4 deep troll shamans
  38 death yaks
  7 shock serpents
  3 vampire magi
  3 orc high priests
  3 soul eaters (Depths:3)
  11 spriggan berserkers
  15 naga sharpshooters
  3 sun demons
  8 hell knights
  A fire crab (shapeshifter) (Depths:2)
  An iron troll (D:14)
  6 salamander mystics
  5 unseen horrors
  Erolcha (D:11)
  2 ice devils (Depths:3)
  An infernal demonspawn (Depths:5)
  37 deep elf knights
  18 skeletal warriors
  2 sea snakes (Snake:5)
  A flayed ghost (Vaults:3)
  A storm dragon skeleton (Vaults:2)
  4 ball lightnings (Depths:4)
  25 deep trolls
  6 giant orange brains
  15 deep elf summoners
  7 necromancers
  3 spriggan druids
  11 naga ritualists
  13 ironbrand convokers
  An ice statue (Depths:3)
  8 swamp dragons
  3 shambling mangroves
  18 hill giants
  Pikel (D:5)
  5 lindwurms
  17 orc knights
  16 harpies
  2 hornets (shapeshifter)
  24 deep elf conjurers
  2 tengu skeletons (Vaults:2)
  A stone giant zombie (Vaults:1)
  6 wolf spiders
  3 wizards
  A wolf spider zombie (D:13)
  75 ugly things
  An orb spider (shapeshifter) (D:14)
  5 hornets
  4 manticores
  2 salamanders (shapeshifter)
  An oklob plant (Lair:6)
  7 cyclopes
  6 griffons
  A faun (shapeshifter) (Vaults:5)
  7 mana vipers
  5 orc sorcerers
  A draconian (shapeshifter) (Vaults:2)
  14 salamanders
  20 elephants
  A stone giant skeleton (Vaults:2)
  A sixfirhy (Depths:5)
  Maurice (D:13)
  2 guardian serpents
  40 black mambas
  19 vault sentinels
  A spiny frog (shapeshifter) (Depths:1)
  8 rust devils (Depths:3)
  A torpor snail (shapeshifter) (Depths:3)
  28 spiny frogs
  4 gargoyles
  31 naga magi
  8 torpor snails
  2 orange demons
  Psyche (D:11)
  3 efreet (Depths:3)
  A hellwing (Depths:5)
  53 yaktaurs
  A redback zombie (Vaults:1)
  A demonic crawler (Depths:3)
  2 yaktaur skeletons
  5 red devils
  14 deep elf priests
  3 blue devils (Depths:3)
  A kobold demonologist (D:15)
  5 komodo dragons
  4 tengu conjurers
  A troll (shapeshifter) (Vaults:1)
  A queen bee (shapeshifter) (Depths:4)
  15 trolls
  A wind drake (shapeshifter) (Vaults:3)
  27 two-headed ogres
  A polar bear (shapeshifter) (Vaults:2)
  5 fire drakes
  12 giant leeches
  Sonja (D:13)
  A jumping spider (shapeshifter) (Vaults:5)
  8 freezing wraiths
  7 baby alligators
  A two-headed ogre (shapeshifter) (D:15)
  8 bog bodies
  2 boulder beetles (shapeshifter)
  12 blink frogs
  46 slime creatures
  A trapdoor spider (shapeshifter) (Vaults:3)
  5 boulder beetles
  3 air elementals
  A trapdoor spider (D:13)
  26 ravens
  4 wyverns
  2 water elementals
  12 redbacks
  A flying skull (Depths:3)
  A vampire (Swamp:3)
  2 ugly thing skeletons (Depths:1)
  10 shadows
  A spriggan (shapeshifter) (Vaults:3)
  5 basilisks
  29 deep elf magi
  27 spriggans
  2 tarantellas
  6 wraiths
  28 yaks
  A tarantella (shapeshifter) (Vaults:3)
  A hog (shapeshifter) (Vaults:3)
  A human (shapeshifter) (Vaults:4)
  36 deep elf fighters
  20 vampire mosquitoes
  2 chaos spawn (Depths:2)
  2 fire elementals (Depths:4)
  13 hippogriffs
  A hungry ghost (D:13)
  2 steam dragons
  8 large abominations (Depths:2)
  A hippogriff (shapeshifter) (Elf:3)
  27 swamp worms
  10 wolves
  9 insubstantial wisps
  2 mottled dragons
  5 wargs
  2 soldier ants (Lair:2)
  61 nagas
  42 water moccasins
  A hell hound (Depths:3)
  12 swamp drakes
  5 eyes of draining
  12 porcupines
  2 black bears
  3 ice beasts
  2 phantoms
  21 wasps
  69 ogres
  11 sky beasts
  4 slaves
  5 spiders (Lair:8)
  16 boggarts
  2 elf skeletons
  A boring beetle (Lair:8)
  17 crocodiles
  49 orc warriors
  34 centaurs
  A boring beetle (shapeshifter) (Vaults:4)
  5 big kobolds
  A yaktaur zombie (Vaults:4)
  A lost soul (Vaults:5)
  21 giant frogs
  4 brain worms (Lair:8)
  6 human skeletons
  21 killer bees
  10 scorpions
  A boulder beetle zombie (Vaults:1)
  3 goliath beetles
  2 lightning spires
  2 electric eels
  5 centaur zombies
  14 wights
  16 hounds
  22 orc priests
  6 small abominations
  8 centaur skeletons
  A giant frog zombie (D:13)
  14 jellies
  12 iguanas
  7 crimson imps
  9 giant frog skeletons
  A quasit (D:5)
  2 hell rats
  22 worker ants
  31 orc wizards
  13 sheep
  Jessica (D:2)
  2 giant frog simulacra
  A hound skeleton (D:4)
  A mummy (D:12)
  32 adders
  31 river rats
  10 gnolls
  A river rat (shapeshifter) (Vaults:2)
  3 shadow imps
  A giant mite (D:11)
  19 worms
  An adder skeleton (D:9)
  An adder zombie (D:6)
  4 giant geckos
  2 oozes
  248 orcs
  6 giant cockroaches
  24 goblins
  26 hobgoblins
  7 jackals
  17 kobolds
  15 quokkas
  2 ball pythons
  15 bats
  2 giant gecko zombies (D:8)
  11 giant newts
  3 giant spores
  2 quokka skeletons
  12 rats
  11 ballistomycetes
  7 briar patches
  A bush (Lair:5)
  2 crawling corpses (Elf:3)
  12 fungi
  12 plants
2853 creatures vanquished.

Vanquished Creatures (collateral kills)
  An orc warlord (Orc:4)
  An ice dragon (Lair:8)
  3 death yaks (Lair:4)
  An orc high priest (Orc:4)
  A salamander mystic (Snake:4)
  A deep elf summoner (Elf:1)
  A deep elf conjurer (Elf:1)
  An ugly thing (D:13)
  9 elephants
  A torpor snail (Lair:8)
  A queen ant (Lair:2)
  A spiny frog (Lair:1)
  A blink frog (Lair:8)
  A two-headed ogre (Vaults:3)
  A troll (Orc:4)
  2 deep elf magi (Elf:1)
  15 yaks
  3 wolves (Lair:4)
  2 wargs
  2 porcupines
  6 orc warriors
  3 soldier ants (Lair:2)
  3 water moccasins
  2 ice beasts (Elf:1)
  3 ogres
  A boring beetle (Lair:6)
  A giant frog (Lair:6)
  A scorpion (Lair:4)
  9 orc priests
  A giant frog zombie (D:12)
  A hell rat (Elf:1)
  6 orc wizards
  2 worker ants (Lair:2)
  5 sheep (Lair:3)
  A gnoll (D:2)
  2 adders
  12 river rats
  2 worms (Lair:8)
  42 orcs
  2 goblins
  A hobgoblin (Orc:4)
  18 fungi
  18 plants
191 creatures vanquished.

Vanquished Creatures (others)
  An eldritch tentacle (Depths:3)
  A fire giant (Depths:4)
  An ugly thing (Depths:3)
  A small abomination (Depths:3)
  A centaur skeleton (D:11)
  2 golden dragon simulacra (Depths:3)
  A frost giant simulacrum (Depths:3)
  26 fire vortices
  3 dryads
  A swamp worm (Swamp:3)
  An ogre (D:7)
  2 lost souls
  A glowing shapeshifter simulacrum (Depths:3)
  A killer bee (D:10)
  23 lightning spires
  A crimson imp (D:2)
  An orc priest (Orc:4)
  2 orcs
  2 giant spores
  A ballistomycete (D:7)
  78 eldritch tentacle segments (Depths:3)
  65 fungi
  243 plants
  7 snaplasher vines
  1535 snaplasher vine segments
2001 creatures vanquished.

Grand Total: 5045 creatures vanquished

Notes
Turn   | Place    | Note
--------------------------------------------------------------
     0 | D:1      | faibistes, the Deep Elf Wizard, began the quest for the Orb.
     0 | D:1      | Reached XP level 1. HP: 10/10 MP: 6/6
    98 | D:2      | Noticed Jessica
   585 | D:1      | Reached XP level 2. HP: 15/15 MP: 5/10
   629 | D:1      | Learned a level 2 spell: Blink
   632 | D:1      | Learned a level 2 spell: Call Imp
   941 | D:2      | Reached skill level 5 in Spellcasting
   996 | D:2      | Found a deep blue altar of Sif Muna.
  1006 | D:2      | Became a worshipper of Sif Muna the Loreminder
  1202 | D:2      | Reached XP level 3. HP: 19/19 MP: 7/14
  1207 | D:2      | Learned a level 3 spell: Conjure Flame
  1220 | D:1      | Learned a level 3 spell: Mephitic Cloud
  1649 | D:2      | Reached XP level 4. HP: 22/24 MP: 3/17
  1659 | D:2      | Learned a level 2 spell: Repel Missiles
  2096 | D:2      | Killed Jessica
  2096 | D:2      | Reached XP level 5. HP: 28/28 MP: 3/20
  2357 | D:2      | Reached skill level 6 in Spellcasting
  3254 | D:3      | Found a blossoming altar of Fedhas.
  3254 | D:3      | Found a burning altar of Makhleb.
  3470 | D:3      | Found an ancient bone altar of Kikubaaqudgha.
  4149 | D:3      | Reached XP level 6. HP: 32/32 MP: 10/22
  4341 | D:4      | Found Quamiru's Gadget Emporium.
  4458 | D:5      | Entered Level 5 of the Dungeon
  4526 | D:4      | Acquired Sif Muna's first power
  4646 | D:4      | Reached skill level 1 in Air Magic
  4962 | D:5      | Noticed Pikel
  5404 | D:4      | Reached skill level 1 in Fire Magic
  5545 | D:5      | Killed Pikel
  5545 | D:5      | Acquired Sif Muna's second power
  5545 | D:5      | Reached skill level 7 in Spellcasting
  5545 | D:5      | Reached skill level 1 in Poison Magic
  5545 | D:5      | Reached XP level 7. HP: 7/36 MP: 6/25
  5807 | D:4      | Noticed an ogre
  5818 | D:4      | Killed an ogre
  5818 | D:4      | Reached XP level 8. HP: 41/41 MP: 15/26
  5983 | D:4      | Reached skill level 5 in Conjurations
  6048 | D:4      | Noticed an ogre
  6054 | D:4      | Killed an ogre
  6723 | D:5      | Reached skill level 5 in Dodging
  6723 | D:5      | Reached skill level 8 in Spellcasting
  8337 | D:7      | Reached XP level 9. HP: 45/45 MP: 24/29
  8510 | D:7      | Reached skill level 1 in Charms
  8604 | D:7      | Reached skill level 1 in Invocations
  9197 | D:6      | Found a glowing golden altar of the Shining One.
  9653 | D:7      | Found a staircase to the Ecumenical Temple.
  9659 | Temple   | Entered the Ecumenical Temple
  9730 | D:7      | Reached skill level 9 in Spellcasting
 10134 | D:7      | Noticed a hill giant
 10160 | D:7      | Killed a hill giant
 10160 | D:7      | Acquired Sif Muna's third power
 10160 | D:7      | Reached skill level 5 in Fire Magic
 10629 | D:8      | Reached skill level 1 in Fighting
 10895 | D:8      | Found a stormy altar of Qazlal.
 11651 | D:10     | Entered Level 10 of the Dungeon
 11682 | D:9      | Reached XP level 10. HP: 42/52 MP: 19/31
 11690 | D:9      | Reached skill level 10 in Spellcasting
 12607 | D:9      | Learned a level 1 spell: Magic Dart
 13258 | D:9      | Learned a level 4 spell: Airstrike
 13564 | D:10     | Noticed a hill giant
 13572 | D:10     | Killed a hill giant
 13801 | D:10     | Found a staircase to the Lair.
 13855 | D:10     | Found Qac Nuagg's General Store.
 13860 | D:10     | Noticed a hill giant
 13869 | D:10     | Killed a hill giant
 13869 | D:10     | Reached skill level 5 in Invocations
 13907 | D:10     | Bought a scroll of fog for 34 gold pieces
 13907 | D:10     | Bought a +0 pair of boots of running for 535 gold pieces
 14391 | D:10     | Noticed a centaur skeleton
 14400 | D:10     | Killed a centaur skeleton
 14523 | D:10     | Reached skill level 11 in Spellcasting
 14831 | D:11     | Noticed Psyche
 14847 | D:11     | Killed Psyche
 14847 | D:11     | Reached XP level 11. HP: 58/58 MP: 9/33
 15079 | D:11     | Noticed a green ugly thing
 15104 | D:11     | Killed a green ugly thing
 15104 | D:11     | Reached skill level 5 in Charms
 15104 | D:11     | Reached skill level 5 in Translocations
 15165 | D:11     | Noticed Erolcha
 15182 | D:11     | Killed Erolcha
 15182 | D:11     | Received a gift from Sif Muna
 15183 | D:11     | Identified Sif Muna's Grimoire of the Entourage (Sif Muna gifted it to you on level 11 of the Dungeon)
 15190 | D:11     | Learned a level 4 spell: Summon Lightning Spire
 15196 | D:11     | Learned a level 5 spell: Summon Forest
 15757 | Lair:1   | Entered Level 1 of the Lair of Beasts
 15757 | Lair:1   | Noticed a five-headed hydra
 15927 | Lair:1   | Killed a five-headed hydra
 16320 | Lair:2   | Learned a level 6 spell: Deflect Missiles
 17206 | Lair:1   | Identified a scroll of acquirement
 17216 | Lair:1   | Learned a level 5 spell: Iskenderun's Battlesphere
 17924 | D:10     | Killed an unseen horror
 17924 | D:10     | Reached skill level 12 in Spellcasting
 18742 | Lair:2   | Got a glittering bone ring
 18744 | Lair:2   | Identified the ring of Siytevam {Str+4 Stlth+} (You found it on level 2 of the Lair of Beasts)
 18840 | Lair:2   | Noticed a four-headed hydra
 18864 | Lair:2   | Killed a four-headed hydra
 19180 | Lair:2   | Reached XP level 12. HP: 64/64 MP: 27/35
 19640 | Lair:3   | Got a steaming hat
 19651 | Lair:3   | Identified the +0 hat "Pluyte" {rElec rF+ Regen+ MP+9 Dex-4} (You found it on level 3 of the Lair of Beasts)
 20692 | Lair:3   | Reached skill level 1 in Evocations
 20962 | Lair:3   | Noticed an eight-headed hydra
 20977 | Lair:3   | Killed an eight-headed hydra
 21268 | Lair:8   | Entered Level 8 of the Lair of Beasts
 21453 | Lair:7   | Received a gift from Sif Muna
 21454 | Lair:7   | Identified Sif Muna's Papyrus of Fire and Conjuration (Sif Muna gifted it to you on level 7 of the Lair of Beasts)
 21500 | Lair:7   | Got an encrusted scimitar
 21503 | Lair:7   | Identified the cursed -1 scimitar "Seib" {pain, rC+} (You found it on level 7 of the Lair of Beasts)
 21892 | Lair:4   | Reached skill level 13 in Spellcasting
 21961 | Lair:4   | Noticed a six-headed hydra
 21969 | Lair:4   | Killed a six-headed hydra
 22753 | Lair:4   | Got a slimy long sword
 22754 | Lair:4   | Identified the cursed -1 long sword "Embalmer" {venom, rElec Dex+4} (You found it on level 4 of the Lair of Beasts)
 22905 | Lair:4   | Learned a level 5 spell: Fireball
 22951 | Lair:4   | Reached XP level 13. HP: 71/71 MP: 22/36
 24111 | Lair:5   | Reached skill level 10 in Fire Magic
 24207 | Lair:5   | Found a staircase to the Swamp.
 25004 | Lair:6   | Noticed a seven-headed hydra
 25014 | Lair:6   | Killed a seven-headed hydra
 25181 | Lair:6   | Found a staircase to the Slime Pits.
 25182 | Lair:6   | Found a viscous altar of Jiyva.
 25551 | Lair:6   | Found a staircase to the Snake Pit.
 25567 | Lair:6   | Received a gift from Sif Muna
 25568 | Lair:6   | Identified Yxolidock's Almanac of the Escort (Sif Muna gifted it to you on level 6 of the Lair of Beasts)
 26372 | Lair:7   | Reached skill level 10 in Conjurations
 26913 | Lair:7   | Reached skill level 14 in Spellcasting
 27796 | Lair:8   | Reached skill level 5 in Evocations
 28057 | Lair:8   | Reached skill level 5 in Fighting
 28315 | Lair:8   | Reached skill level 10 in Invocations
 28791 | Lair:8   | Reached XP level 14. HP: 78/78 MP: 33/38
 30637 | Lair:8   | Found a runed door.
 31104 | Lair:8   | Received a gift from Sif Muna
 31105 | Lair:8   | Identified Sif Muna's Reference Book on Damage Dealing and Intoxication (Sif Muna gifted it to you on level 8 of the Lair of Beasts)
 31282 | Lair:8   | Reached skill level 10 in Dodging
 31823 | Lair:2   | Learned a level 4 spell: Iskenderun's Mystic Blast
 31872 | D:10     | Noticed a hill giant
 31877 | D:10     | Killed a hill giant
 31877 | D:10     | Reached skill level 15 in Spellcasting
 32690 | Lair:8   | Noticed an ice dragon
 32696 | Lair:8   | Killed an ice dragon
 32974 | D:12     | Found Kluolio's Weapon Shop.
 33079 | D:11     | Noticed Nessos
 33086 | D:11     | Killed Nessos
 33759 | D:11     | Noticed a deep troll earth mage
 33759 | D:11     | Noticed a vampire knight
 33777 | D:11     | Killed a deep troll earth mage
 33835 | D:11     | Killed a vampire knight
 34943 | D:12     | Found a staircase to the Orcish Mines.
 35960 | D:12     | Got a slimy long sword
 35964 | D:12     | Reached XP level 15. HP: 84/84 MP: 37/39
 35965 | D:12     | Identified the +6 long sword of Premnil {freeze, rN+ Str-2 Dex+6 SInv Stlth-} (You found it on level 12 of the Dungeon)
 36804 | Orc:1    | Entered Level 1 of the Orcish Mines
 37423 | Orc:2    | Found a bloodstained altar of Trog.
 37480 | Orc:4    | Entered Level 4 of the Orcish Mines
 38107 | Orc:1    | Received a gift from Sif Muna
 38418 | Orc:1    | Found a roughly hewn altar of Beogh.
 39190 | Orc:3    | Found a white marble altar of Elyvilon.
 39288 | Orc:3    | Found a staircase to the Elven Halls.
 39305 | Orc:3    | Reached skill level 16 in Spellcasting
 40428 | Orc:4    | Found Izxyssent's General Store.
 40842 | Orc:4    | Found Mofog's Antique Armour Shoppe.
 40850 | Orc:4    | Bought an ichor-stained helmet for 218 gold pieces
 40863 | Orc:4    | Identified the cursed -1 helmet "Greeppal" {Str+3} (You bought it in a shop on level 4 of the Orcish Mines)
 41068 | Lair:2   | Learned a level 3 spell: Stone Arrow
 41746 | Orc:4    | Reached skill level 1 in Earth Magic
 42036 | Orc:4    | Found Wauzxymm's Book Emporium.
 42184 | Orc:4    | Bought a book of Geomancy for 630 gold pieces
 42184 | Orc:4    | Bought a book of Fire for 1170 gold pieces
 42394 | Lair:2   | Learned a level 5 spell: Lee's Rapid Deconstruction
 42582 | Orc:4    | Found Kedghikha's Antique Weapon Boutique.
 42910 | Elf:1    | Entered Level 1 of the Elven Halls
 45164 | Elf:2    | Found a runed gate.
 45164 | Elf:2    | Found a runed gate.
 45165 | Elf:2    | Found a runed gate.
 45349 | Elf:2    | Received a gift from Sif Muna
 45350 | Elf:2    | Identified Sif Muna's Collected Works on Orientation (Sif Muna gifted it to you on level 2 of the Elven Halls)
 45595 | Elf:2    | Noticed a deep elf blademaster
 45599 | Elf:2    | Killed a deep elf blademaster
 45599 | Elf:2    | Reached XP level 16. HP: 92/92 MP: 7/40
 45831 | Elf:2    | Noticed faibistes' ghost (powerful DEWz)
 45839 | Elf:2    | Killed faibistes' ghost
 46183 | Elf:2    | Reached skill level 10 in Charms
 46334 | Elf:2    | Reached skill level 5 in Earth Magic
 47066 | Lair:2   | Learned a level 6 spell: Bolt of Fire
 47072 | Lair:2   | Learned a level 5 spell: Ignite Poison
 47257 | Snake:1  | Entered Level 1 of the Snake Pit
 47450 | Snake:1  | Reached skill level 1 in Transmutations
 47751 | Snake:1  | Reached skill level 17 in Spellcasting
 48093 | Snake:1  | Noticed Louise
 48102 | Snake:1  | Killed Louise
 49031 | Snake:1  | Received a gift from Sif Muna
 49032 | Snake:1  | Identified Sif Muna's Tome of Conjuration (Sif Muna gifted it to you on level 1 of the Snake Pit)
 49095 | Snake:1  | You fall through a shaft!
 49164 | Snake:3  | Noticed Asterion
 51040 | Snake:5  | Entered Level 5 of the Snake Pit
 52082 | Snake:3  | Noticed Roxanne
 52202 | Snake:3  | Noticed faibistes' ghost (mighty DEWz)
 52316 | Snake:3  | Killed faibistes' ghost
 52605 | Snake:3  | Noticed Snorg
 52607 | Snake:3  | Killed Snorg
 52812 | Snake:3  | Killed Asterion
 52812 | Snake:3  | Received a gift from Sif Muna
 52812 | Snake:3  | Reached XP level 17. HP: 85/97 MP: 17/41
 52813 | Snake:3  | Identified Sif Muna's Compendium of Boosting Translocation (Sif Muna gifted it to you on level 3 of the Snake Pit)
 52868 | Snake:3  | Learned a level 4 spell: Force Lance
 53064 | Snake:3  | Noticed Vashnia
 53270 | Snake:3  | Killed Vashnia
 53821 | Snake:3  | Killed Roxanne
 55965 | Snake:4  | Identified Sif Muna's Handbook of Spatial Arcane Weapons (You acquired it on level 4 of the Snake Pit)
 56145 | Snake:4  | Reached skill level 18 in Spellcasting
 56936 | Swamp:1  | Entered Level 1 of the Swamp
 57053 | Swamp:1  | Reached skill level 10 in Translocations
 57459 | Swamp:1  | Received a gift from Sif Muna
 57460 | Swamp:1  | Identified Grexeclagh's Incunabulum of Protection (Sif Muna gifted it to you on level 1 of the Swamp)
 59107 | Swamp:2  | Reached skill level 5 in Air Magic
 59354 | Swamp:5  | Entered Level 5 of the Swamp
 59678 | Swamp:3  | Noticed Nikola
 60049 | Swamp:3  | Killed Nikola
 61616 | Swamp:3  | Reached skill level 10 in Earth Magic
 61616 | Swamp:3  | Reached XP level 18. HP: 104/104 MP: 32/43
 61785 | Lair:2   | Learned a level 7 spell: Ring of Flames
 62721 | Swamp:4  | Received a gift from Sif Muna
 62722 | Swamp:4  | Identified Sif Muna's Tome of Burning Battle Magic (Sif Muna gifted it to you on level 4 of the Swamp)
 64455 | Swamp:4  | Got a steaming great sword
 64456 | Swamp:4  | Identified the cursed +0 great sword of Vemydoer {slice, Dex+5} (You found it on level 4 of the Swamp)
 65209 | D:13     | Noticed Fannar
 65211 | D:13     | Killed Fannar
 65660 | D:13     | Reached skill level 19 in Spellcasting
 65902 | D:13     | Received a gift from Sif Muna
 65931 | D:13     | Identified Sif Muna's Tome of Battle Magic (Sif Muna gifted it to you on level 13 of the Dungeon)
 66418 | D:13     | Noticed a storm dragon
 66419 | D:13     | Noticed a frost giant
 66420 | D:13     | Noticed a storm dragon
 66701 | D:13     | Killed a storm dragon
 66803 | D:13     | Killed a frost giant
 67014 | D:13     | Killed a storm dragon
 67460 | D:13     | Noticed Maurice
 67464 | D:13     | Killed Maurice
 67490 | D:13     | Noticed Sonja
 67616 | D:13     | Killed Sonja
 68732 | D:15     | Entered Level 15 of the Dungeon
 69485 | D:14     | Found a gate to the Vaults.
 69701 | D:14     | Reached XP level 19. HP: 110/110 MP: 28/44
 70378 | D:14     | Received a gift from Sif Muna
 71735 | D:15     | Found Oviggeot's Assorted Antiques.
 71748 | D:15     | Bought an iron wand for 92 gold pieces
 71748 | D:15     | Bought a puce potion for 20 gold pieces
 71949 | D:15     | Found a staircase to the Depths.
 73749 | Snake:5  | Found Cloakow's Jewellery Shoppe.
 73777 | Snake:5  | Reached skill level 20 in Spellcasting
 75071 | Lair:2   | Learned a level 7 spell: Controlled Blink
 75388 | Snake:5  | Received a gift from Sif Muna
 75389 | Snake:5  | Identified Sif Muna's Incunabulum of Conjuration and Boosts (Sif Muna gifted it to you on level 5 of the Snake Pit)
 75590 | Snake:5  | Got a serpentine rune of Zot
 75843 | Snake:5  | Reached skill level 15 in Fire Magic
 77210 | Swamp:5  | Reached skill level 10 in Fighting
 77537 | Swamp:5  | Got a decaying rune of Zot
 78321 | Lair:2   | Learned a level 6 spell: Haste
 78482 | Vaults:1 | Entered Level 1 of the Vaults
 79417 | Vaults:2 | Found Ukaurr's Magic Scroll Boutique.
 79429 | Vaults:2 | Found a portal to a secret trove of treasure.
 79431 | Vaults:2 | Bought a scroll of holy word for 97 gold pieces
 79431 | Vaults:2 | Bought a scroll of teleportation for 39 gold pieces
 79431 | Vaults:2 | Bought a scroll of blinking for 97 gold pieces
 79770 | Vaults:1 | Reached XP level 20. HP: 117/117 MP: 14/45
 80346 | Vaults:1 | Reached skill level 15 in Conjurations
 80726 | Vaults:1 | Received a gift from Sif Muna
 80732 | Vaults:1 | Identified Sif Muna's Tome of Floating Confrontation (Sif Muna gifted it to you on level 1 of the Vaults)
 81147 | Vaults:1 | Found Threocome's Magic Scroll Boutique.
 81152 | Vaults:1 | Bought a scroll of enchant armour for 135 gold pieces
 81174 | Vaults:1 | Reached skill level 21 in Spellcasting
 83719 | Vaults:2 | Found Smeameamp's Book Emporium.
 84001 | Vaults:2 | Found a staircase to the Crypt.
 84467 | Vaults:2 | Received a gift from Sif Muna
 85198 | Vaults:2 | Found Bru Luto's Distillery.
 85203 | Vaults:2 | Bought a potion of heal wounds for 110 gold pieces
 85415 | Vaults:2 | Found Psity's Antique Armour Emporium.
 86065 | Vaults:3 | Reached skill level 15 in Earth Magic
 86546 | Vaults:3 | Reached XP level 21. HP: 107/123 MP: 11/46
 86882 | Vaults:3 | Found Xasatu's General Store.
 86890 | Vaults:3 | Bought a potion of heal wounds for 95 gold pieces
 87047 | Vaults:3 | Reached skill level 22 in Spellcasting
 87529 | Vaults:3 | Received a gift from Sif Muna
 87530 | Vaults:3 | Identified Sif Muna's Papyrus of Translocation (Sif Muna gifted it to you on level 3 of the Vaults)
 88231 | Lair:2   | Learned a level 6 spell: Poisonous Cloud
 88238 | Lair:2   | Learned a level 5 spell: Ignite Poison
 89732 | Vaults:4 | Noticed Saint Roka
 89952 | Vaults:4 | Killed Saint Roka
 90722 | Vaults:4 | Noticed Sojobo
 90734 | Vaults:4 | Killed Sojobo
 91505 | Vaults:3 | Received a gift from Sif Muna
 91506 | Vaults:3 | Identified Sif Muna's Tome of Arcane Weapons (Sif Muna gifted it to you on level 3 of the Vaults)
 93759 | Depths:1 | Entered Level 1 of the Depths
 94503 | Depths:1 | Reached XP level 22. HP: 130/130 MP: 4/47
 95196 | Depths:1 | Reached skill level 23 in Spellcasting
 95450 | Depths:1 | Noticed Aizul
 95453 | Depths:1 | Killed Aizul
 95727 | Depths:1 | Found a shattered altar of Ashenzari.
 95763 | Depths:1 | Received a gift from Sif Muna
 95768 | Depths:1 | Identified Sif Muna's Tome of the Entourage (Sif Muna gifted it to you on level 1 of the Depths)
 95926 | Depths:1 | Found a gateway to Hell.
 97845 | Depths:2 | Got a slimy spear
 97846 | Depths:2 | Identified the cursed +0 spear "Wiluch" {freeze, -Cast Dex+4} (You took it off a spriggan on level 2 of the Depths)
 99144 | Depths:2 | Received a gift from Sif Muna
 99145 | Depths:2 | Identified Iskenderun's Collected Works on Nocuous Attacks (Sif Muna gifted it to you on level 2 of the Depths)
 99378 | Depths:2 | Found Neacots' Gadget Shoppe.
100452 | Depths:2 | Found a one-way gate to the infinite horrors of the Abyss.
102269 | Depths:3 | Found a basalt altar of Yredelemnul.
102292 | Depths:3 | Reached XP level 23. HP: 136/136 MP: 36/48
102472 | Depths:3 | Received a gift from Sif Muna
103296 | Depths:3 | Reached skill level 24 in Spellcasting
104356 | Depths:3 | Found a stormy altar of Qazlal.
104933 | Depths:3 | Received a gift from Sif Muna
104934 | Depths:3 | Identified Twuar's Tome of Flying Conjuration (Sif Muna gifted it to you on level 3 of the Depths)
104946 | Depths:3 | Found a glowing silver altar of Zin.
104983 | Depths:3 | Learned a level 8 spell: Lehudib's Crystal Spear
105031 | Depths:3 | Noticed a shard shrike
105037 | Depths:3 | Killed a shard shrike
106853 | Depths:3 | Found a white marble altar of Elyvilon.
106856 | Depths:3 | Found a one-way gate leading to the halls of Pandemonium.
107032 | Depths:2 | Identified a +0 rod of clouds (9/9) (You found it on level 2 of the Depths)
107940 | Depths:5 | Entered Level 5 of the Depths
108202 | Depths:4 | Received a gift from Sif Muna
108365 | Depths:4 | Noticed Margery
108430 | Depths:4 | Killed Margery
109210 | Depths:4 | Got an uncursed steaming rapier {venom}
109211 | Depths:4 | Identified the +9 rapier of Revolt {venom, MR- Str+4 Int+2 Dex+6} (You took it off a yaktaur on level 4 of the Depths)
109580 | Depths:4 | Reached XP level 24. HP: 139/143 MP: 43/49
109855 | Depths:4 | Found an iron altar of Okawaru.
109941 | Depths:4 | Found a large runed door.
109941 | Depths:4 | Found a large runed door.
111632 | Depths:4 | Received a gift from Sif Muna
111633 | Depths:4 | Identified Sif Muna's Reference Book on Transmigration and Evil Magic (Sif Muna gifted it to you on level 4 of the Depths)
112253 | Lair:2   | Learned a level 9 spell: Fire Storm
112265 | Lair:2   | Learned a level 9 spell: Shatter
112694 | Depths:5 | Found a gateway to a ziggurat.
112710 | Depths:5 | Noticed Frederick
112714 | Depths:5 | Killed Frederick
113046 | Depths:5 | Reached skill level 25 in Spellcasting
114538 | Depths:5 | Found a gate to the Realm of Zot.
116084 | Elf:3    | Entered Level 3 of the Elven Halls
116256 | Elf:3    | Got an ancient wooden ring
116258 | Elf:3    | Identified the ring of the Quahog {rPois rC+} (You found it on level 3 of the Elven Halls)
116546 | Elf:3    | Received a gift from Sif Muna
116548 | Elf:3    | Identified Sif Muna's Incunabulum of Summoning (Sif Muna gifted it to you on level 3 of the Elven Halls)
116722 | Elf:3    | Found a magical portal.
116754 | WizLab   | Entered Wucad Mu's Monastery
117756 | Elf:3    | Got an ichor-stained hand axe
117757 | Elf:3    | Identified the +9 hand axe of Inflation {drain, +Fly Int+5 Dex-2} (You took it off a deep elf fighter on level 3 of the Elven Halls)
118218 | Elf:3    | Got a flickering copper ring
118223 | Elf:3    | Identified the ring of Shriap {rElec SInv} (You took it off a deep elf fighter on level 3 of the Elven Halls)
118227 | Elf:3    | Got a transparent war axe
118228 | Elf:3    | Identified the +5 war axe of Calculation {elec, rElec rC+ MR+ Dex+4} (You took it off a deep elf fighter on level 3 of the Elven Halls)
118880 | Elf:3    | Got a pitted trident
118881 | Elf:3    | Identified the +9 trident of the Assorted Deaths {drain, Noisy rPois Int+4 Dex+3 Stlth+} (You took it off a deep elf high priest on level 3 of the Elven Halls)
119114 | Elf:3    | Reached XP level 25. HP: 148/148 MP: 38/50
119171 | Elf:3    | Got an ichor-stained spear
119172 | Elf:3    | Identified the +2 spear "Aluxzuug" {flame, -Tele rElec rPois Int+3 Stlth-} (You took it off a deep elf demonologist on level 3 of the Elven Halls)
119449 | Elf:3    | Received a gift from Sif Muna
119450 | Elf:3    | Identified Sif Muna's Guide on Shifting Confrontation (Sif Muna gifted it to you on level 3 of the Elven Halls)
120019 | Lair:2   | Learned a level 4 spell: Animate Dead
120706 | Vaults:5 | Entered Level 5 of the Vaults
120706 | Vaults:5 | Noticed pedritolo's ghost (mighty SpEn)
120708 | Vaults:5 | Reached skill level 1 in Necromancy
120714 | Vaults:5 | Killed pedritolo's ghost
121051 | Vaults:5 | Received a gift from Sif Muna
121208 | Vaults:5 | Killed from afar by a deep elf high priest

Action                   |  1- 3 |  4- 6 |  7- 9 | 10-12 | 13-15 | 16-18 | 19-21 | 22-24 | 25-27 || total
-------------------------+-------+-------+-------+-------+-------+-------+-------+-------+-------++-------
Melee: Dagger            |    12 |    43 |   269 |   185 |   357 |       |       |       |       ||   866
       Club              |       |       |     5 |       |       |       |       |       |       ||     5
       Staff             |       |       |       |       |       |    15 |     7 |    18 |     4 ||    44
       War axe           |       |       |       |       |       |       |       |       |     2 ||     2
 Cast: Magic Dart        |    66 |   174 |   281 |   357 |       |       |       |       |       ||   878
       Mephitic Cloud    |     2 |    15 |    40 |    40 |    13 |       |       |       |       ||   110
       Call Imp          |     2 |       |       |       |       |       |       |       |       ||     2
       Conjure Flame     |     1 |    11 |    38 |    76 |    41 |       |       |       |       ||   167
       Repel Missiles    |       |     2 |     3 |     1 |       |       |       |       |       ||     6
       Blink             |       |     3 |     9 |    19 |    40 |     8 |       |       |       ||    79
       Airstrike         |       |       |       |    68 |   133 |   145 |    47 |    51 |       ||   444
       Iskenderun's Batt |       |       |       |    47 |    31 |    39 |     4 |       |       ||   121
       Summon Lightning  |       |       |       |    20 |    40 |    19 |     5 |       |       ||    84
       Summon Forest     |       |       |       |     8 |    24 |       |       |       |       ||    32
       Deflect Missiles  |       |       |       |     1 |     4 |     2 |     7 |     5 |       ||    19
       Fireball          |       |       |       |     1 |   601 |   270 |   232 |    84 |       ||  1188
       Lee's Rapid Decon |       |       |       |       |     9 |    90 |   246 |   228 |    11 ||   584
       Bolt of Fire      |       |       |       |       |       |   200 |   205 |   350 |    30 ||   785
       Ignite Poison     |       |       |       |       |       |    70 |    70 |    45 |       ||   185
       Force Lance       |       |       |       |       |       |    56 |    57 |   107 |    10 ||   230
       Ring of Flames    |       |       |       |       |       |    21 |    85 |    99 |     6 ||   211
       Poisonous Cloud   |       |       |       |       |       |       |    27 |    50 |       ||    77
       Haste             |       |       |       |       |       |       |     5 |    10 |     3 ||    18
       Controlled Blink  |       |       |       |       |       |       |     3 |     8 |     1 ||    12
       Lehudib's Crystal |       |       |       |       |       |       |       |    44 |     1 ||    45
       Fire Storm        |       |       |       |       |       |       |       |    21 |     5 ||    26
       Shatter           |       |       |       |       |       |       |       |     2 |     9 ||    11
Invok: Channel Energy    |       |       |     1 |    22 |    88 |    57 |   127 |   166 |    10 ||   471
       Forget Spell      |       |       |       |     3 |       |     2 |     2 |       |       ||     7
Evoke: Wand              |       |       |       |     4 |     1 |       |     2 |     2 |       ||     9
  Use: Scroll            |       |     5 |    10 |    23 |    15 |    13 |     5 |    22 |     1 ||    94
       Potion            |       |       |       |     3 |     6 |       |     1 |     6 |     1 ||    17
 Stab: Confused          |       |     2 |     5 |    10 |     2 |       |       |       |       ||    19
       Sleeping          |       |     1 |       |     1 |     1 |       |       |       |       ||     3
       Distracted        |       |       |       |     1 |     2 |       |       |       |       ||     3
  Eat: Chunk             |     2 |    12 |    19 |    37 |    65 |    55 |    49 |    52 |     4 ||   295
       Fruit             |       |       |       |     1 |     9 |    21 |       |     5 |       ||    36
       Pizza             |       |       |       |     1 |     3 |     3 |     1 |       |       ||     8
       Royal jelly       |       |       |       |       |     1 |     1 |       |     2 |       ||     4
       Meat ration       |       |       |       |       |     1 |       |       |     1 |     1 ||     3
       Beef jerky        |       |       |       |       |       |     3 |    12 |     3 |       ||    18
       Bread ration      |       |       |       |       |       |       |     6 |     9 |       ||    15
